Description

How to adjust your opening once you scout it:

Delay 2nd gas/Nexus 2nd pylon powering gate Core ASAP Chrono 2xZealots then 1 adept Keep up more or less constant probe production Just pause it temporarily if you need a bit more minerals to start 2nd zealot etc. Nexus as soon as 400 minerals Pull 4 probes to support your zealot at the choke

VOD

https://www.youtube.com/watch?v=oxxohcq5GJE

Replay - Defending 12 pool in PvZ - Opener adjustment

Build Order

Get SALT Encoding   

  12  0:01  Probe (Chrono Boost)  
  13  0:11  Probe (Chrono Boost)  
  14  0:20  Pylon  
  14  0:22  Probe (Chrono Boost)  
  15  0:39  Probe (Chrono Boost)  
  15  0:40  Gateway  
  16  0:43  Assimilator  
  16  0:49  Probe (Chrono Boost)  
  17  1:00  Probe (Chrono Boost)  
  18  1:10  Probe (Chrono Boost)  
  19  1:22  Pylon  
  19  1:24  Zealot  
  19  1:27  Cybernetics Core  
  19  1:32  Probe (Chrono Boost)  
  22  1:36  Pylon  
  22  1:44  Probe (Chrono Boost)  
  23  1:48  Zealot  
  25  2:03  Probe (Chrono Boost)  
  26  2:15  Nexus  
  27  2:20  Adept  
  31  2:44  Assimilator  
Spawning Tool Build Advisor. Get it on Overwolf

Analysis

Unit Reaction Getting a wall up isn’t all that important - just need to pull a few more probes if no wall Pull 4 probes (5-7 if you’re not confident in your micro and want a little more room for error) Use probes to buffer vs lings so they can’t surround zealot Stutter step zealot backwards if the lings are starting to surround it Hold position or mineral walk probes away as they lose shields Buy time - don’t need to commit to fight, just stop them from freely working on your buildings by going out, pulling back, go out and hit a ling, pull back. This dance will buy you valuable time. Once your 2nd zealot is out it’s pretty easy Once the adept is out it’s cleanup time, zerg better get out of there!

VoDs of Stats’ defence vs Byul in GSL - 4 hours 10m -

https://www.twitch.tv/videos/120556078

Go to:

Details

  • Created by: PiG      
  • Published on: Feb 09, 2017
  • Patch: 3.8.0
Show
View Real Time Build Order
Export as new Build Order

Comments (0)

There are no comments. Be the first!

Create an account to comment!